Map: King's Cove LE

Players

Harstem

  • Race: Protoss Protoss
  • Spawn Location: 11:00

InZaNe - Winner!

  • Race: Terran Terran
  • Spawn Location: 5:00

Event: 2019 WCS Spring

VOD

Have the link to the VOD?

Description

Time

  • Played on: May 17, 2019, 7:19 a.m.
  • Length: 17:47

All games in this series

Show
View Real Time Build Order
Export as new Build Order

Harstem Protoss 

Build Orders: 1 Gate Expand, Oracle Opening, Blink Stalkers 

Get SALT Encoding   

  12  0:01  Probe  
  13  0:13  Probe  
  14  0:18  Pylon  
  14  0:23  Probe  
  15  0:32  Probe  
  15  0:38  Gateway  
  15  0:40  Probe  
  16  0:48  Assimilator  
  17  0:52  Probe  
  18  1:05  Probe  
  19  1:17  Probe  
  20  1:24  Nexus  
  20  1:35  Cybernetics Core  
  20  1:38  Probe  
  21  1:44  Assimilator  
  21  1:50  Probe  
  21  1:53  Pylon  
  22  2:01  Adept  
  22  2:02  Probe  
  23  2:14  Probe  
  26  2:24  Stargate  
  26  2:26  Probe  
  27  2:35  Probe  
  27  2:36  Warp Gate, Probe  
  27  2:43  Probe  
  29  2:44  Stalker, Probe  
  33  2:52  Probe x2  
  35  3:01  Oracle  
  35  3:04  Probe x2  
  40  3:16  Probe  
  40  3:17  Probe  
  42  3:24  Pylon  
  42  3:28  Probe  
  42  3:29  Probe  
  42  3:30  Twilight Council  
  44  3:38  Blink  
  44  3:40  Probe  
  45  3:43  Probe  
  46  3:52  Probe, Gateway x2  
  46  3:55  Probe  
  48  4:04  Nexus  
  48  4:06  Pylon  
  48  4:07  Probe  
  49  4:12  Assimilator, Probe  
  50  4:19  Probe  
  51  4:24  Probe  
  51  4:29  Stalker  
  54  4:33  Forge  
  54  4:35  Pylon  
  54  4:40  Probe  
  54  4:41  Probe  
  56  4:48  Stalker  
  56  4:49  Stalker  
  56  4:52  Stalker  
  62  4:53  Probe  
  62  4:54  Probe  
  62  4:58  Protoss Ground Armor Level 1  
  64  5:03  Pylon  
  64  5:05  Probe  
  65  5:07  Probe  
  65  5:12  Stalker x2, Shield Battery  
  70  5:20  Gateway  
  70  5:21  Probe  
  71  5:24  Probe, Gateway  
  72  5:30  Stalker  
  72  5:31  Probe  
  72  5:33  Probe  
  76  5:35  Stalker x2  
  76  5:39  Charge  
  76  5:40  Probe  
  81  5:47  Gateway  
  81  5:51  Pylon  
  81  5:52  Probe, Shield Battery  
  82  5:58  Zealot, Sentry  
  82  5:59  Zealot  
  82  6:01  Probe  
  82  6:03  Photon Cannon  
  89  6:15  Probe  
  89  6:16  Stalker  
  89  6:17  Probe  
  93  6:18  Pylon  
  93  6:20  Zealot x3  
  93  6:25  Assimilator  
  99  6:27  Assimilator  
  99  6:31  Gateway  
  99  6:32  Templar Archives  
  99  6:33  Gateway  
  99  6:36  Sentry, Pylon  
  99  6:37  Pylon  
  101  6:48  Protoss Ground Armor Level 2  
  101  6:51  Zealot x4  
  109  6:54  Probe  
  109  6:57  Pylon  
  110  7:02  Zealot x2  
  110  7:03  Psionic Storm  
  110  7:04  Photon Cannon  
  110  7:08  Pylon  
  112  7:12  Zealot x4  
  120  7:19  Probe  
  121  7:24  High Templar  
  121  7:25  Zealot  
  125  7:30  Zealot  
  125  7:31  Zealot, Oracle  
  129  7:37  Zealot x2  
  129  7:38  Zealot x2  
  137  7:45  Probe  
  137  7:48  High Templar, Robotics Facility  
  137  7:50  Pylon  
  140  7:55  Pylon  
  140  7:57  Pylon  
  138  8:08  Probe  
  138  8:10  Zealot x3  
  138  8:11  High Templar x2  
  143  8:16  Zealot x2  
  113  8:35  Zealot x3  
  113  8:36  Zealot  
  105  8:41  Zealot  
  105  8:42  Zealot  
  105  8:43  Archon  
  105  8:45  Zealot x2  
  105  8:48  Probe  
  92  8:57  Immortal  
  92  8:58  Zealot x4  
  92  9:01  Protoss Ground Weapons Level 1  
  94  9:03  Zealot x2  
  94  9:04  Oracle  
  94  9:07  Zealot x2  
  94  9:08  Probe  
  106  9:14  Photon Cannon  
  104  9:17  Shield Battery  
  104  9:19  Zealot x4  
  112  9:30  Zealot x3, Sentry  
  111  9:42  Stalker x4  
  101  9:54  Stalker  
  101  9:55  Stalker x3  
  101  9:59  Immortal  
  99  10:05  Zealot x3  
  99  10:06  Zealot  
  97  10:18  Zealot x4  
  105  10:27  Zealot x4  
  108  10:41  Stalker x4  
  86  10:48  Zealot x3  
  84  10:51  Zealot  
  78  10:57  Immortal  
  76  11:04  Zealot x3  
  76  11:05  Zealot  
  76  11:09  Pylon  
  80  11:13  Stalker  
  80  11:15  Zealot x2  
  78  11:19  Zealot  
  78  11:26  Zealot x3  
  78  11:34  High Templar  
  78  11:38  Immortal  
  79  11:40  High Templar x2  
  79  11:41  Sentry, High Templar  
  79  11:46  Archon  
  87  11:47  Archon  
  87  11:48  High Templar x2  
  95  11:54  High Templar  
  95  11:56  Protoss Ground Weapons Level 2  
  97  12:09  Stalker x3  
  97  12:12  Immortal  
  97  12:15  Zealot x2  
  97  12:21  Sentry  
  101  12:23  Stalker  
  103  12:30  High Templar  
  103  12:33  Probe  
  103  12:35  Archon  
  103  12:36  Zealot x2  
  110  12:39  High Templar x2  
  114  12:50  Zealot x2  
  118  12:56  Observer  
  118  12:57  Zealot x2  
  122  13:00  High Templar  
  122  13:04  Zealot  
  122  13:05  Archon  
  127  13:08  Warp Prism  
  123  13:14  Zealot x4  
  131  13:23  Pylon  
  131  13:24  Dark Shrine  
  131  13:26  Forge  
  129  13:32  Oracle  
  125  13:35  Warp Prism  
  125  13:43  Probe x2  
  132  13:50  Zealot  
  132  13:51  Zealot  
  132  13:54  Nexus  
  136  14:07  Pylon  
  136  14:08  Protoss Ground Armor Level 3  
  136  14:10  High Templar x2  
  136  14:13  High Templar  
  140  14:18  Pylon  
  140  14:24  Probe  
  141  14:31  Pylon  
  141  14:34  Zealot, High Templar x2  
  147  14:42  Pylon x2  
  147  14:43  Archon  
  147  14:50  Pylon  
  147  14:52  Protoss Ground Weapons Level 3  
  147  14:55  Probe  
  136  15:15  Dark Templar  
  136  15:16  Zealot x5  
  148  15:21  Assimilator  
  148  15:25  Assimilator  
  148  15:28  Zealot, Dark Templar  
  146  15:36  Stalker x2  
  120  15:53  Zealot x5  
  118  16:09  High Templar x3  
  118  16:10  Probe  
  123  16:13  Gateway  
  123  16:15  Gateway  
  123  16:17  Archon  
  121  16:19  Warp Prism  
  121  16:21  High Templar x2  
  121  16:23  Nexus, Probe x2  
  123  16:29  Archon  
  123  16:35  Zealot x3  
  129  16:45  Stalker  
  129  16:46  Stalker x2  
  129  17:11  Zealot x7  
  129  17:12  Zealot x2  
  139  17:26  Zealot  
  110  17:39  Zealot x3  
  110  17:40  Zealot x5  
Show
View Real Time Build Order
Export as new Build Order

InZaNe Terran - Winner!

Build Orders: Reaper Expand 

Get SALT Encoding   

  12  0:00  SCV  
  13  0:12  SCV  
  14  0:18  Supply Depot  
  14  0:25  SCV  
  15  0:39  SCV  
  15  0:40  Barracks  
  16  0:44  Refinery  
  16  0:51  SCV  
  17  1:03  SCV  
  18  1:15  SCV  
  19  1:26  Reaper  
  19  1:28  Orbital Command  
  20  1:48  Command Center  
  20  1:55  SCV  
  20  1:56  Supply Depot  
  20  1:58  Marine  
  22  2:10  Factory  
  22  2:11  SCV  
  23  2:16  Refinery  
  23  2:21  Barracks Reactor  
  23  2:24  SCV  
  24  2:36  SCV  
  25  2:48  SCV  
  26  2:54  Starport  
  26  2:55  Factory Tech Lab  
  26  2:57  Marine x2  
  28  3:00  SCV  
  28  3:02  Orbital Command  
  29  3:12  SCV  
  30  3:15  Cyclone, Marine x2  
  35  3:24  SCV  
  36  3:31  SCV  
  39  3:36  SCV  
  39  3:37  Viking  
  42  3:42  Supply Depot  
  42  3:43  SCV  
  42  3:48  SCV  
  42  3:55  SCV  
  43  3:56  Barracks  
  43  3:57  Barracks  
  43  4:00  SCV  
  43  4:07  SCV, Stimpack, Marine  
  45  4:10  Factory Tech Lab  
  45  4:11  Supply Depot  
  45  4:12  SCV  
  45  4:15  Starport Reactor, Bunker  
  46  4:19  Engineering Bay  
  46  4:23  SCV  
  47  4:25  SCV  
  47  4:28  Marine  
  47  4:30  Refinery  
  49  4:35  SCV  
  49  4:37  SCV  
  51  4:46  Marine  
  51  4:47  Factory Reactor  
  51  4:51  SCV  
  51  4:52  SCV, Missile Turret  
  53  4:54  Marine x2  
  53  4:55  Terran Infantry Weapons Level 1  
  53  4:56  Missile Turret  
  53  4:57  Combat Shield  
  53  4:58  Marine  
  56  5:03  SCV  
  57  5:08  SCV  
  57  5:09  Marauder  
  57  5:12  Marine x2  
  62  5:14  Medivac, Supply Depot  
  62  5:19  Medivac  
  66  5:22  Marauder, Supply Depot  
  66  5:27  Widow Mine  
  66  5:28  Refinery  
  70  5:29  Widow Mine  
  70  5:36  Marauder, Marine x2  
  70  5:39  Supply Depot  
  70  5:42  SCV  
  75  5:43  SCV  
  75  5:46  Marauder  
  78  5:50  Widow Mine  
  78  5:53  Widow Mine  
  81  5:59  Marauder  
  81  6:00  Marine  
  81  6:03  Supply Depot x2  
  84  6:04  Marine  
  85  6:17  Marauder, Medivac, Widow Mine x2  
  85  6:18  Concussive Shells  
  90  6:21  Medivac  
  90  6:24  Marauder  
  94  6:27  Marine  
  94  6:28  Marine  
  96  6:34  Supply Depot  
  96  6:37  Liberator  
  96  6:38  Marauder  
  96  6:39  Liberator  
  98  6:46  Marauder  
  98  6:47  Marine x2  
  98  6:50  Widow Mine x2  
  107  7:04  Command Center  
  107  7:07  Terran Infantry Armor Level 1  
  107  7:10  Marine  
  107  7:11  Marauder  
  107  7:15  Marauder  
  112  7:16  Marine  
  112  7:21  Liberator  
  113  7:29  Liberator, Marine  
  109  7:31  Widow Mine x2  
  109  7:36  Barracks  
  114  7:37  Barracks  
  117  7:46  Supply Depot  
  117  7:51  SCV x2  
  122  7:56  Widow Mine x2  
  126  8:02  Marauder  
  126  8:10  Marauder, Marine x2  
  130  8:13  Liberator x2  
  130  8:15  SCV x2  
  132  8:23  Marauder  
  123  8:31  Marine x2  
  123  8:32  Marauder  
  124  8:37  Barracks Reactor  
  124  8:38  Barracks Tech Lab  
  115  8:45  Marauder, Widow Mine  
  115  8:46  Widow Mine  
  119  8:53  Marauder  
  116  8:56  Marine x2  
  116  8:57  SCV x2  
  116  8:58  Orbital Command  
  113  9:04  Marauder  
  113  9:06  Marauder  
  113  9:08  Widow Mine x2  
  113  9:09  SCV x2  
  120  9:10  Liberator x2  
  120  9:14  Marine x2  
  120  9:27  Marauder x2  
  120  9:28  Marine  
  120  9:29  Marine  
  132  9:35  Widow Mine x2, Marine  
  135  9:43  Marauder, Marine  
  135  9:45  Marine  
  135  9:48  Marauder x2  
  135  9:54  Marine x2  
  125  10:00  Marine  
  125  10:03  Marine  
  125  10:04  Marauder  
  121  10:09  Marine  
  121  10:10  Marauder  
  121  10:11  Medivac x2  
  121  10:12  Widow Mine  
  121  10:13  SCV x3, Widow Mine  
  134  10:19  Marine  
  134  10:20  Marine x2  
  137  10:24  Marine  
  137  10:26  Marauder  
  137  10:27  Marine  
  139  10:31  Marauder  
  133  10:40  Liberator x2  
  133  10:41  Marine x3  
  122  10:45  Marauder  
  122  10:47  Marauder  
  122  10:51  Marine  
  122  10:52  Marauder  
  112  10:57  Widow Mine x2  
  112  10:59  Marine x2  
  112  11:01  SCV x2  
  112  11:02  SCV  
  114  11:07  Marauder  
  114  11:08  Marauder  
  114  11:11  Marine x2  
  111  11:14  Marauder  
  111  11:16  Barracks  
  111  11:17  Barracks x2, Marine  
  111  11:26  Liberator  
  111  11:29  Marine x2  
  111  11:30  Marauder, Widow Mine x2  
  113  11:35  Marauder  
  113  11:36  Marine x2  
  113  11:37  Armory  
  113  11:38  Engineering Bay  
  113  11:39  Liberator  
  118  11:49  Command Center  
  118  11:54  Marine x2, Widow Mine x2  
  122  11:57  Marine x2  
  122  11:59  Marine  
  130  12:04  Marauder  
  132  12:09  Barracks Tech Lab x3  
  132  12:12  Ghost Academy  
  132  12:13  Marauder, Marine x2  
  132  12:16  Marine  
  132  12:17  Marauder  
  132  12:21  Marine  
  133  12:23  Widow Mine x2  
  133  12:25  Marauder, Refinery  
  133  12:26  SCV x2, Refinery  
  139  12:31  Marauder  
  139  12:32  Marauder  
  139  12:35  Marauder  
  139  12:37  Marine x3  
  145  12:40  SCV, Terran Infantry Weapons Level 2  
  145  12:42  Supply Depot  
  145  12:43  Supply Depot  
  151  12:44  Marauder  
  151  12:47  Terran Infantry Armor Level 2  
  149  12:56  Marine x3  
  149  12:57  Marine  
  146  13:00  SCV x2  
  146  13:01  Marine  
  146  13:04  Marine x2  
  151  13:07  Ghost x2  
  148  13:13  Ghost  
  149  13:23  Planetary Fortress, Refinery  
  149  13:24  Refinery  
  145  13:31  Medivac  
  141  13:37  Medivac  
  141  13:38  Marine x4  
  143  13:44  SCV  
  143  13:46  Missile Turret  
  144  13:48  Ghost  
  144  13:55  Ghost  
  146  13:57  Missile Turret  
  146  13:58  Supply Depot  
  146  14:00  Supply Depot  
  148  14:05  Ghost x2  
  152  14:17  Ghost  
  152  14:22  Missile Turret, Marine x4  
  152  14:23  Missile Turret  
  158  14:27  Medivac x2  
  168  14:38  Marauder x4  
  168  14:39  Marauder  
  168  14:41  Marine x4  
  174  14:46  Starport  
  174  14:49  Fusion Core  
  172  15:04  Marauder x2  
  172  15:05  Marauder x2  
  172  15:06  Marine x3  
  183  15:13  Marauder x2  
  183  15:21  Missile Turret  
  183  15:25  Missile Turret, Starport Tech Lab  
  183  15:26  Marauder x2  
  184  15:39  SCV  
  179  15:52  Medivac x2  
  179  15:53  Medivac  
  185  16:00  Marauder x3  
  185  16:01  Marine  
  187  16:22  Medivac x2  
  191  16:30  Medivac  
  194  16:32  SCV  
  194  16:33  SCV x3  
  194  16:37  Liberator  
  190  17:10  Marauder x2  
Tags
 
Add a new tag
Caveats
  • Supply blocks, unpowered buildings, or Contaminate may cause inaccurate times.
  • Supply counts are checked every 10 seconds.